 Dungeon Crawl Stone Soup version 0.21-a0-228-g14ccbf3 (webtiles) character file.

138 Gorglomux the Magician (level 5, 0/37 HPs)
             Began as a Gnoll Transmuter on Aug 31, 2017.
             Slain by a gnoll
             ... wielding a +0 club
              (9 damage)
             ... on level 3 of the Dungeon.
             The game lasted 00:07:01 (3871 turns).

Gorglomux the Magician (Gnoll Transmuter)           Turns: 3871, Time: 00:07:02

Health: 0/37       AC:  2    Str:  7    XL:     5   Next: 21%
Magic:  7/12       EV: 12    Int:  7    God:
Gold:   205        SH:  0    Dex:  7    Spells: 7/13 levels left

rFire    . . .     SeeInvis .     - Unarmed
rCold    . . .     Gourm    .   (no shield)
rNeg     . . .     Faith    .   b - +0 robe
rPois    .         Spirit   .   (no helmet)
rElec    .         Reflect  .   (no cloak)
rCorr    .         Harm     .   (no gloves)
MR       .....                  (no boots)
Stlth    +.........             (no amulet)
HPRegen  0.12/turn              (no ring)
MPRegen  0.13/turn              (no ring)

@: very slightly contaminated
A: unchanging attributes, fangs 1, strong nose
a: no special abilities


You were on level 3 of the Dungeon.
You were not hungry.

You visited 1 branch of the dungeon, and saw 3 of its levels.

You collected 205 gold pieces.

Inventory:

Missiles
 a - 45 arrows
Armour
 b - a +0 robe (worn)
Scrolls
 g - 2 scrolls of teleportation {unknown}
 h - 3 scrolls of remove curse {unknown}
 k - a scroll of blinking {unknown}
 F - a scroll of fog {unknown}
 H - a scroll of magic mapping {unknown}
 R - 2 scrolls of identify
 S - a scroll of amnesia {unknown}
Potions
 K - 3 potions of lignification
 M - a potion of cancellation
Books
 c - a book of Changes

   Spells                             Type                      Level
   a - Beastly Appendage              Transmutation                1
   b - Sticks to Snakes               Transmutation                2
   c - Spider Form                    Transmutation/Poison         3
   d - Ice Form                       Ice/Transmutation            4
   e - Blade Hands                    Transmutation                5
 J - a book of Maledictions

   Spells                             Type                      Level
   a - Corona                         Hexes                        1
   b - Ensorcelled Hibernation        Hexes/Ice                    2
   c - Confuse                        Hexes                        3
   d - Tukima's Dance                 Hexes                        3
   e - Dazzling Spray                 Conjuration/Hexes            3
Comestibles
 d - 5 bread rations
 z - 2 meat rations
 B - 2 royal jellies
 L - 2 chunks of flesh


   Skills:
 - Level 1.3 Fighting
 - Level 2.6 Dodging
 - Level 4.0 Unarmed Combat
 + Level 4.8 Spellcasting
 + Level 4.6 Transmutations
 - Level 3.1 Poison Magic


You had 7 spell levels left.
You knew the following spells:

 Your Spells              Type           Power        Failure   Level  Hunger
a - Beastly Appendage     Tmut           #.....       4%          1    #......
b - Sticks to Snakes      Tmut           #.......     6%          2    ###....
c - Spider Form           Tmut/Pois      #.........   17%         3    ###....


Dungeon Overview and Level Annotations

Branches:
Dungeon (3/15)

Altars:
Xom
Yredelemnul
Zin

Annotations:
D:3 2 transporters


Innate Abilities, Weirdness & Mutations

Your physical attributes are unchanging.
You have very sharp teeth.
Your uncanny sense of smell can sniff out nearby items.


Message History

You see here a gnoll corpse!
Butt maul the gnoll!!!
The gnoll is poisoned!
The gnoll is heavily wounded!
Your transformation is almost over!
The gnoll completely misses you!
You maul the gnoll!
You annihilate the gnoll!!!
The gnoll hits you with a butt! * * * don't butt
* * * Unknown command!
You maul the gnoll but do no damage!
The gnoll butts you!
The gnoll completely misses butt!
You barely miss the gnoll!
Your transformation has ended!
Your +0 robe unmelds from your body!
The gnoll hits you! * * * don't die
* * * Unknown command!
The gnoll barely misses you! The gnoll hits you with a club!!! rip

#.###.#.###..)##.#.≈
#.#...#...###.##.#.≈
#.....###.###..#[#.≈
#.....###......#.#.≈
#.....##.........###
#.....##.........#≈.
#.......).###.#..#8P
#......†#........###
#..@...##.!.........
#...g..##.........##
#..g...#######...###
####.#.### ##.....##
#.......# #........
#.......# #........
#.......# #......)#
#.......# ##>......
#.......# #.......#


You could see 2 gnolls.

Vanquished Creatures
  3 gnolls (D:3)
  5 adders
  An ooze (D:1)
  2 dart slugs (D:1)
  A leopard gecko (D:1)
  An orc (D:3)
  6 giant cockroaches
  8 goblins
  4 hobgoblins
  8 bats
  6 frilled lizards
  7 kobolds
  8 rats
60 creatures vanquished.

Notes
Turn   | Place    | Note
-------+----------+-------------------------------------------
     0 | D:1      | Gorglomux the Gnoll Transmuter began the quest for the Orb.
     0 | D:1      | Reached XP level 1. HP: 15/15 MP: 4/4
    94 | D:1      | Reached skill level 3 in Transmutations
   547 | D:1      | Reached XP level 2. HP: 18/21 MP: 3/6
   643 | D:1      | Learned a level 2 spell: Sticks to Snakes
  1348 | D:1      | HP: 1/21 [goblin/spear of freezing (1)]
  1374 | D:1      | Reached XP level 3. HP: 10/26 MP: 5/8
  1389 | D:1      | Learned a level 3 spell: Spider Form
  1939 | D:1      | Reached skill level 1 in Poison Magic
  2204 | D:2      | Reached XP level 4. HP: 23/32 MP: 7/10
  2388 | D:2      | Noticed an angel
  2388 | D:2      | Found a glowing silver altar of Zin.
  2388 | D:2      | Found a shimmering altar of Xom.
  2395 | D:2      | Reached skill level 3 in Poison Magic
  2830 | D:2      | Found a basalt altar of Yredelemnul.
  3326 | D:3      | Found a transporter.
  3590 | D:3      | Found a transporter.
  3639 | D:3      | Reached XP level 5. HP: 37/37 MP: 6/11
  3871 | D:3      | Slain by a gnoll

Vault maps used:
D:1:      dpeg_arrival_rooms_b, grunt_decor_clamped, minmay_pentomino_s2
D:2:      lemuel_doored_altar, grunt_temple_overflow_order_and_chaos_1,
          first_bread, kennysheep_pointless_box, minmay_stone_trees_small,
          minivault_5
D:3:      gammafunk_wand_slinger, grunt_gozag_breadcrumbs

Skill      XL: |  1  2  3  4 |
---------------+-------------+-----
Transmutations | 3 4 |  4.6
Spellcasting   | 4 |  4.8
Poison Magic   | 2 3 |  3.1
Fighting       | |  1.3
Dodging        | |  2.6
Unarmed Combat | |  4.0

Action                   |  1- 3 |  4- 6 || total
-------------------------+-------+-------++-------
Melee: Unarmed           |   161 |   106 ||   267
       Bite              |     7 |     3 ||    10
       Kick              |     4 |     2 ||     6
       Punch             |     3 |       ||     3
 Cast: Beastly Appendage |     9 |     1 ||    10
       Sticks to Snakes  |     1 |       ||     1
       Spider Form       |     3 |    11 ||    14
  Use: Potion            |     1 |       ||     1
       Scroll            |       |     3 ||     3
  Eat: Chunk             |     6 |     7 ||    13
Armor: Robe              |    44 |    12 ||    56
       Skin              |       |     2 ||     2
Dodge: Dodged            |   135 |    84 ||   219

Table legend:
 A = Spawn XP
 B = Non-spawn XP
 C = Spawn XP percentage of total XP
 D = Spawn monster count
 E = Non-spawn monster count
 F = Spawn count percentage of total count
 G = Total turns spent on level
                    A         B        C        D         E        F      G
               +---------+---------+-------+---------+---------+-------+---------
         Total |      54 |     144 |  27.3 |      17 |      43 |  28.3 |  3871
               +---------+---------+-------+---------+---------+-------+---------
           D:1 |      18 |      32 |  36.0 |       9 |      17 |  34.6 |  2018
           D:2 |       7 |      73 |   8.8 |       5 |      17 |  22.7 |  1356
           D:3 |      29 |      39 |  42.6 |       3 |       9 |  25.0 |   497
               +---------+---------+-------+---------+---------+-------+---------
